 Dungeon Crawl Stone Soup version 0.20-a0-957-g47ad1fd (webtiles) character file.

126 Lifeless the Skirmisher (level 5, -4/42 HPs)
             Began as a Human Abyssal Knight on Apr 5, 2017.
             Was a Priest of Lugonu.
             Killed from afar by Klosterheim's ghost (6 damage)
             ... with a magic dart
             ... on level 4 of the Dungeon.
             The game lasted 00:08:11 (2574 turns).

Lifeless the Skirmisher (Human Abyssal Knight)      Turns: 2574, Time: 00:08:12

Health: -4/42      AC:  4    Str: 17    XL:     5   Next: 32%
Magic:  6/6        EV: 12    Int: 12    God:    Lugonu [***...]
Gold:   294        SH:  0    Dex: 13    Spells: 4/4 levels left

rFire    . . .     SeeInvis .   a - +1 falchion
rCold    . . .     Gourm    .   (no shield)
rNeg     . . .     Faith    +   b - +0 leather armour
rPois    .         Spirit   .   (no helmet)
rElec    .         Reflect  .   (no cloak)
rCorr    .         Harm     .   j - +0 pair of gloves
MR       .....                  (no boots)
Stlth    ..........             o - amulet of faith
Regen    0.2/turn               m - ring of loudness (curse)
MPRegen  0.1/turn               s - +4 ring of strength

@: no status effects
A: no striking features
a: Depart the Abyss, Bend Space, Banish, Renounce Religion


You were on level 4 of the Dungeon.
You worshipped Lugonu.
Lugonu was most pleased with you.
You were not hungry.

You visited 1 branch of the dungeon, and saw 4 of its levels.
You visited the Abyss 1 time.

You collected 294 gold pieces.

Inventory:

Hand Weapons
 a - a +1 falchion (weapon)
Armour
 b - a +0 leather armour (worn)
 j - a +0 pair of gloves (worn)
Jewellery
 m - a cursed ring of loudness (left hand)
 o - an amulet of faith (around neck)
 s - a +4 ring of strength (right hand)
Wands
 u - a wand of digging (15/24)
Scrolls
 d - 2 scrolls of immolation {unknown}
 e - 2 scrolls of teleportation {unknown}
 i - a scroll of fear {unknown}
 l - 2 scrolls of enchant weapon {unknown}
 n - 2 scrolls of fog {unknown}
 p - a scroll of identify {unknown}
 q - a scroll of amnesia {unknown}
Potions
 g - a potion of magic {unknown}
 k - 2 potions of heal wounds
 r - a potion of lignification {unknown}
 t - a potion of flight {unknown}
 v - a potion of agility {unknown}
 x - a potion of resistance {unknown}
Comestibles
 c - 4 bread rations
 f - 2 meat rations
 h - 2 royal jellies
 w - 5 fruits


   Skills:
 * Level 4.1 Fighting
 * Level 3.0 Long Blades
 + Level 2.6 Armour
 + Level 2.0 Dodging
 + Level 2.4 Invocations


You had 4 spell levels left.
You didn't know any spells.

Dungeon Overview and Level Annotations

Branches:
Dungeon (4/15)
 Temple: D:4-7

Altars:
Sif Muna

Annotations:
D:4 Klosterheim's ghost, amateur DECj


Message History

Klosterheim's ghost hits you. Klosterheim's ghost burns you.
You hit Klosterheim's ghost but do no damage.
Klosterheim's ghost is lightly damaged.
Klosterheim's ghost hits you but does no damage.
You barely miss Klosterheim's ghost.
Klosterheim's ghost is lightly damaged.
Klosterheim's ghost points at you and mumbles some strange words.
The magic dart hits you!
You miss Klosterheim's ghost.
Klosterheim's ghost is lightly damaged.
Klosterheim's ghost hits you but does no damage.
You barely miss Klosterheim's ghost.
Klosterheim's ghost casts a spell at you.
The magic dart hits you!
Klosterheim's ghost points at you and mumbles some strange words.
The magic dart hits you!
* * * LOW HITPOINT WARNING * * *
Klosterheim's ghost gestures at you while chanting.
The magic dart hits you!
You die...

# #
#####.######.#
[............#
##.###.W@....#
#.#####.# #.
.. #.. ...
.###


You could see Klosterheim's ghost.

Vanquished Creatures
  A hound (D:4)
  3 adders
  A shadow imp (D:3)
  A dart slug (D:1)
  A leopard gecko (D:2)
  2 ball pythons
  3 giant cockroaches
  4 goblins
  5 hobgoblins
  9 jackals
  5 kobolds
  3 quokkas
  3 bats
  3 frilled lizards
  15 rats
59 creatures vanquished.

Notes
Turn   | Place    | Note
-------+----------+-------------------------------------------
     0 | Abyss:1  | Lifeless the Human Abyssal Knight began the quest for the Orb.
     0 | Abyss:1  | Reached XP level 1. HP: 18/18 MP: 2/2
    40 | D:1      | Escaped the Abyss
    59 | D:1      | Reached XP level 2. HP: 18/24 MP: 3/3
    69 | D:1      | Reached ** piety under Lugonu
   472 | D:1      | Reached XP level 3. HP: 28/29 MP: 4/4
  1236 | D:2      | Reached XP level 4. HP: 34/36 MP: 5/5
  1676 | D:2      | Found a deep blue altar of Sif Muna.
  2401 | D:3      | Reached *** piety under Lugonu
  2486 | D:3      | Reached skill level 4 in Fighting
  2486 | D:3      | Reached XP level 5. HP: 42/42 MP: 6/6
  2556 | D:4      | Noticed Klosterheim's ghost (amateur DECj)
  2573 | D:4      | HP: 2/42 [Klosterheim's ghost/magic dart (11)]
  2574 | D:4      | Killed from afar by Klosterheim's ghost

Vault maps used:
D:1:      erik_arrival_orb_chamber
D:2:      lemuel_blue_sif_altar
D:3:      first_bread, kennysheep_generic_room_15
D:4:      nicolae_ossuary_entry_ruins, nicolae_dithmenos_the_darkroom

Skill      XL: |  1  2  3  4  5 |
---------------+----------------+-----
Fighting       | 4 |  4.1
Long Blades    | 3 |  3.0
Dodging        | 2 |  2.0
Armour         | |  2.6
Invocations    | |  2.4

Action                   |  1- 3 |  4- 6 || total
-------------------------+-------+-------++-------
Melee: Falchion          |    76 |    73 ||   149
  Use: Potion            |       |     1 ||     1
  Eat: Chunk             |     1 |     4 ||     5
Armor: Leather armour    |    28 |    20 ||    48
Dodge: Dodged            |    41 |    44 ||    85
       Rpst.: Falchion   |    16 |    12 ||    28
